 Dungeon Crawl Stone Soup version 0.28-a0-194-g42b4daccc1 (webtiles) character file.

Game seed: 17233865889944893555

267810 Spaninq the Fencer (level 19, -2/172 HPs)
             Began as a Green Draconian Wanderer on Aug 18, 2021.
             Was a High Priest of Okawaru.
             Shot with an arrow by a deep elf archer (3 damage)
             ... on level 1 of the Elven Halls.
             The game lasted 02:33:22 (34607 turns).

Spaninq the Fencer (Green Draconian Wanderer)      Turns: 34607, Time: 02:33:23

Health: -2/172     AC: 19    Str: 23    XL:     19   Next: 36%
Magic:  28/28      EV: 17    Int: 11    God:    Okawaru [*****.]
Gold:   3338       SH: 10    Dex: 12    Spells: 18/18 levels left

rFire   . . .      SeeInvis +   a - +2 Maxwell's thermic engine {flame, freeze}
rCold   . . .      Faith    .   C - +3 warlock's mirror {reflect}
rNeg    . . .      Spirit   .   (armour unavailable)
rPois   +          Reflect  +   I - +0 mask of the Dragon {Will+ Slay+3 SInv}
rElec   .          Harm     .   r - +2 cloak {Will+}
rCorr   .          Rampage  .   T - +2 pair of gloves
Will    ++++.                   Z - +2 pair of boots {Fly}
Stlth   ++........              e - amulet of regeneration
HPRegen 1.38/turn               h - ring of willpower
MPRegen 0.21/turn               S - +4 ring of slaying

@: flying
A: breathe noxious fumes, AC +10, unfitting armour, stinger 1, poison
resistance, cold-blooded
}: 2/15 runes: decaying, gossamer
a: Breathe Noxious Fumes, Renounce Religion, Heroism, Finesse, Duel


You were on level 1 of the Elven Halls.
You worshipped Okawaru.
Okawaru was extremely pleased with you.
You visited 7 branches of the dungeon, and saw 32 of its levels.
You also visited: Bailey and Gauntlet.

You collected 4684 gold pieces.
You spent 1346 gold pieces at shops.

Inventory:

Hand Weapons
 a - the +2 Maxwell's thermic engine (weapon) {flame, freeze}
   (You found it on level 8 of the Dungeon)

   It burns those it strikes, dealing additional fire damage.
   Big, fiery blades are also staple armaments of hydra-hunters.
   It freezes those it strikes, dealing additional cold damage.
   It can also slow down cold-blooded creatures.
   It becomes more effective when it hits something.
   This effect fades over time.
 s - the +7 fustibalus of the Valley {flame, rF+ Int+4}
   (Okawaru gifted it to you on level 4 of the Spider Nest)

   Any ammunition fired from it burns those it strikes, dealing additional fire
   damage.
   Int:       It affects your intelligence (+4).
   rF:        It protects you from fire.
 Y - a +3 demon blade of venom
Missiles
 g - 99 poisoned darts (quivered)
 i - 8 atropa-tipped darts
 z - 4 throwing nets
 H - 146 sling bullets
Armour
 m - a +2 kite shield of positive energy
 r - a +2 cloak of willpower (worn)
 C - the +3 warlock's mirror (worn) {reflect}
   (You acquired it on level 4 of the Lair of Beasts)

   It can block and reflect piercing ranged attacks and magical attacks against
   the wielder's willpower.
 I - the +0 mask of the Dragon (worn) {Will+ Slay+3 SInv}
   (You bought it in a shop on level 3 of the Dungeon)

   Slay:      It affects your accuracy & damage with ranged weapons and melee
   (+3).
   SInv:      It lets you see invisible.
   Will:      It increases your willpower.
 O - the +2 cloak of Untruth {rC++}
   (Okawaru gifted it to you on level 2 of the Lair of Beasts)

   rC:        It greatly protects you from cold.
 T - a +2 pair of gloves (worn)
 Z - a +2 pair of boots of flying (worn)
Jewellery
 e - an amulet of regeneration (around neck)
 h - a ring of willpower (left hand)
 n - a ring of protection from cold
 o - a ring of willpower
 y - a ring of ice
 E - a ring of protection from fire
 F - a +4 ring of evasion
 R - the ring "Fits" {rPois rC+ Slay+2}
   (You found it on level 11 of the Dungeon)

   [ring of protection from cold]

   Slay:      It affects your accuracy & damage with ranged weapons and melee
   (+2).
   rC:        It protects you from cold.
   rPois:     It protects you from poison.
 S - a +4 ring of slaying (right hand)
Wands
 f - a wand of digging (14)
 j - a wand of acid (19)
 v - a wand of paralysis (18)
 D - a wand of flame (100)
 L - a wand of iceblast (32)
 M - a wand of polymorph (8)
Scrolls
 b - 8 scrolls of fear
 c - 6 scrolls of teleportation
 k - 7 scrolls of amnesia
 x - 4 scrolls of enchant armour
 A - 3 scrolls of fog
 B - a scroll of holy word
 Q - 3 scrolls of brand weapon
 U - 6 scrolls of magic mapping
 V - 6 scrolls of enchant weapon
Potions
 d - a potion of magic
 p - 11 potions of curing
 q - 7 potions of ambrosia
 t - 8 potions of mutation
 u - 5 potions of brilliance
 w - 4 potions of might
 G - 3 potions of cancellation
 J - a potion of berserk rage
 K - 2 potions of haste
 N - 5 potions of flight
Miscellaneous
 P - a lightning rod (4/4)
 W - a phial of floods
 X - a condenser vane


   Skills:
 + Level 15.9 Fighting
 + Level 16.9 Long Blades
 - Level 10.5 Maces & Flails
 * Level 7.5 Slings
 + Level 13.3 Dodging
 - Level 2.6 Stealth
 + Level 13.8 Shields
 - Level 1.0 Unarmed Combat
 - Level 13.2 Invocations
 + Level 5.6 Evocations


You had 18 spell levels left.
You didn't know any spells.
Your spell library contained the following spells:

 Spells                   Type           Power      Damage    Failure   Level
 Apportation              Tloc           0%         N/A       34%         1
 Corona                   Hex            0%         N/A       34%         1
 Sandblast                Erth           0%         2d4       34%         1
 Shock                    Conj/Air       0%         1d3       34%         1
 Passwall                 Tmut/Erth      0%         N/A       47%         2
 Slow                     Hex            0%         N/A       47%         2
 Confusing Touch          Hex            0%         N/A       71%         3
 Frozen Ramparts          Ice            0%         1d2       71%         3
 Gell's Gravitas          Tloc           0%         N/A       71%         3
 Ignite Poison            Fire/Tmut/Pois 0%         N/A       71%         3
 Inner Flame              Hex/Fire       0%         N/A       71%         3
 Lesser Beckoning         Tloc           0%         N/A       71%         3
 Mephitic Cloud           Conj/Pois/Air  0%         N/A       71%         3
 Swiftness                Air            0%         N/A       71%         3
 Teleport Other           Tloc           0%         N/A       71%         3
 Vampiric Draining        Necr           0%         2d6       71%         3
 Airstrike                Air            0%         N/A       98%         4
 Cause Fear               Hex            0%         N/A       98%         4
 Ice Form                 Ice/Tmut       0%         N/A       98%         4
 Bolt of Magma            Conj/Fire/Erth 0%         4d4       100%        5
 Lee's Rapid Deconstruct  Erth           0%         3d5*      100%        5
 Lightning Bolt           Conj/Air       0%         1d11      100%        5
 Yara's Violent Unravell  Hex/Tmut       0%         3d3       100%        5
 Invisibility             Hex            0%         N/A       100%        6
 Starburst                Conj/Fire      0%         6d3       100%        6
 Discord                  Hex            0%         N/A       100%        8
 Chain Lightning          Conj/Air       0%         N/A       100%        9
 Fire Storm               Conj/Fire      0%         5d1       100%        9
 Animate Skeleton         Necr           Unusable   N/A       N/A         1
 Summon Small Mammal      Summ           Unusable   N/A       N/A         1
 Animate Armour           Summ/Erth      Unusable   N/A       N/A         4
 Summon Ice Beast         Ice/Summ       Unusable   N/A       N/A         4
 Summon Lightning Spire   Summ/Air       Unusable   N/A       N/A         4
 Summon Mana Viper        Hex/Summ       Unusable   N/A       N/A         5

Dungeon Overview and Level Annotations

Branches:
Dungeon (14/15)            Temple (1/1) D:5            Lair (6/6) D:10
  Swamp (4/4) Lair:4       Spider (4/4) Lair:4        Slime (0/5) Lair:6
    Orc (2/2) D:10            Elf (1/3) Orc:2        Vaults (0/5) D:13
 Bailey (visited)         Gauntlet (visited)

Altars:
Ashenzari
Cheibriados
Dithmenos
Elyvilon
Fedhas
Gozag
Hepliaklqana
Kikubaaqudgha
Makhleb
Nemelex Xobeh
Okawaru
Qazlal
Ru
Sif Muna
Trog
Uskayaw
Vehumet
Wu Jian
Xom
Yredelemnul
Zin
The Shining One
Beogh

Shops:
D:1 =   D:3 [   D:6 [*   D:9 !   D:12 *   D:14 =[[:   Orc:2 [(*=


Innate Abilities, Weirdness & Mutations

You can breathe blasts of noxious fumes.
Your lurid green scales are hard. (AC +10)
You cannot fit into any form of body armour.
Your tail ends in a poisonous barb.
Your system is resistant to poisons. (rPois)
You are cold-blooded and may be slowed by cold attacks.


Message History

The deep elf knight hits you with a +0 long sword!
* * * LOW HITPOINT WARNING * * *
Blink to where?
Press: ? - help, Dir - move target
As you read the scroll of blinking, it crumbles to dust.
As you read the scroll of teleportation, it crumbles to dust.
You feel strangely unstable.
Your surroundings suddenly seem different.
A +3 mace of protection comes into view.
Found a ring mail.
Found a stone staircase leading down. 2 deep elf pyromancers, 2 deep elf archers and a deep elf zephyrmancer come into view.
The deep elf zephyrmancer shouts!
The deep elf archer shouts!
The deep elf archer unwields a +0 short sword.
The deep elf archer wields a +2 vorpal shortbow.
The deep elf archer shoots an arrow.
The arrow hits you!
* * * LOW HITPOINT WARNING * * *
x2 Blink to where?
Press: ? - help, Dir - move target
As you read the scroll of blinking, it crumbles to dust.
Found 20 gold pieces.
As you read the scroll of teleportation, it crumbles to dust.
You feel strangely unstable.
Your surroundings suddenly seem different.
The deep elf archer shoots an arrow.
The arrow completely misses you.
The deep elf pyromancer gestures at you while chanting.
Your +3 warlock's mirror {reflect} reflects the bolt of fire!
The bolt of fire hits the deep elf pyromancer!!
The deep elf archer unwields a +0 short sword.
The deep elf archer wields a +0 shortbow.
The deep elf archer shoots an arrow.
You reflect the arrow off your +3 warlock's mirror {reflect}!
The arrow barely misses the deep elf archer.
The deep elf pyromancer shouts!
Blink to where?
Press: ? - help, Dir - move target
As you read the scroll of blinking, it crumbles to dust.
A fire elemental comes into view.
The deep elf archer shoots an arrow.
The arrow hits you!
* * * LOW HITPOINT WARNING * * *
You die...

.........[..........#
....>..ee...........#
....................#
...................E#
......e§............#
.......#...........#
......###.........#
...e.# #.......#
....# #...@.# ####
#####+#


You could see 2 deep elf archers and a fire elemental.

Vanquished Creatures
  Arachne (Spider:3)
  2 tentacled monstrosities (Swamp:4)
  Jorgrun (Orc:1)
  Rupert (Lair:5)
  Kirke (Arena)
  2 fenstrider witches
  A thorn hunter (Swamp:3)
  5 ghost moths
  An orc warlord (Orc:2)
  A deep elf sorcerer (Arena)
  Aizul (Arena)
  5 emperor scorpions
  A very ugly thing (Swamp:4)
  Nessos (D:14)
  5 entropy weavers
  5 bunyips
  2 spark wasps
  2 minotaurs
  The ghost of Kailexub the Peltast, a journeyman MiFi of Cheibriados (D:13)
  2 green deaths (Swamp:4)
  6 eleionomae
  2 fire dragons (Lair:6)
  4 ghost crabs
  3 boulder beetles
  Erolcha (D:9)
  19 hydras
  8 vault guards (D:13)
  A death knight (D:14)
  2 catoblepae
  3 two-headed ogres
  The ghost of Jamsdnucbuo the Cleaver, a novice MiFi of Zin (Lair:1)
  12 alligators
  A dancing weapon (Arena)
  10 death yaks (Lair:5)
  4 orc high priests (Orc:2)
  Urug (D:10)
  Sonja (Lair:5)
  8 spriggans
  Nergalle (D:10)
  5 goliath frogs
  3 large abominations (Swamp:4)
  A death drake (Gauntlet)
  2 spriggan druids
  7 bog bodies
  5 lindwurms
  Pikel (D:6)
  11 swamp dragons
  28 orb spiders
  3 orc knights (Orc:2)
  A deep elf zephyrmancer (Elf:1)
  62 wolf spiders
  2 will-o-the-wisps
  3 orc sorcerers
  10 ugly things
  3 oklob plants
  3 cyclopes
  3 moths of wrath
  A spectral centaur (Gauntlet)
  Maurice (D:8)
  2 black mambas
  17 elephants
  7 torpor snails
  3 orange demons (Swamp:4)
  14 cane toads
  A gargoyle (D:12)
  An unseen horror (D:11)
  2 ice devils (D:13)
  5 komodo dragons
  18 demonic crawlers
  7 rime drakes
  A freezing wraith (D:12)
  50 jumping spiders
  16 tyrant leeches
  9 trolls
  A bloated husk (Swamp:1)
  2 polar bears
  Grinder (D:3)
  A wolf spider simulacrum (D:14)
  26 hornets
  Prince Ribbit (D:8)
  21 blink frogs
  17 slime creatures
  2 shadows (Swamp:4)
  Sigmund (D:2)
  85 redbacks
  41 tarantellas
  A water elemental (D:11)
  2 wraiths
  5 centaur simulacra (D:13)
  2 humans (Swamp:3)
  3 hogs (Swamp:3)
  12 basilisks
  22 yaks
  Grum (D:10)
  5 wyverns
  12 vampire mosquitoes
  5 steam dragons
  8 wargs (Orc:2)
  23 swamp worms
  3 acid dragons
  16 water moccasins
  7 swamp drakes
  2 black bears (D:6)
  2 sky beasts
  3 ice beasts (D:5)
  31 orc warriors
  A meliai simulacrum (D:13)
  3 wolves
  16 centaurs
  8 ogres
  3 lemures (D:6)
  3 kobold brigands
  14 bullfrogs
  5 scorpions
  A wyvern zombie (D:7)
  A water moccasin skeleton (D:5)
  10 killer bees
  5 wights
  4 electric eels
  9 howler monkeys
  3 bullfrog zombies
  4 hounds
  Crazy Yiuf (D:7)
  3 jellies
  3 centaur zombies
  12 orc priests
  6 gnoll shamans
  Terence (D:3)
  5 iguanas
  Natasha (thrice) (D:4)
  16 orc wizards
  5 hell rats (Lair:4)
  A hound skeleton (D:5)
  30 gnolls
  4 adders
  A shadow imp (D:5)
  3 white imps
  An adder skeleton (D:4)
  A worm (D:2)
  A dart slug (D:1)
  88 orcs
  7 endoplasms
  10 goblins
  12 hobgoblins
  5 jackals
  A quokka (D:3)
  5 ball pythons
  2 bats
  4 frilled lizards
  22 kobolds
  2 rats
  A briar patch (Swamp:3)
1147 creatures vanquished.

Vanquished Creatures (collateral kills)
  An iguana (D:5)
1 creature vanquished.

Vanquished Creatures (others)
  2 alligators (Swamp:3)
  2 bloated husks
  A tyrant leech (Swamp:1)
  A tarantella (Spider:3)
  A vampire mosquito (Swamp:2)
  A swamp worm (Swamp:1)
  An electric eel (D:9)
  A kobold (D:9)
  6 foxfires
  26 fungi
  55 plants
97 creatures vanquished.

Grand Total: 1245 creatures vanquished

Notes
Turn   | Place    | Note
-------+----------+-------------------------------------------
     0 | D:1      | Spaninq the Draconian Wanderer began the quest for the Orb.
     0 | D:1      | Spaninq set off with the following items: a +0 club, a
                  | scroll of fear, a scroll of teleportation, a potion of
                  | lignification, a potion of heal wounds, a +0 dagger
     0 | D:1      | Reached XP level 1. HP: 22/22 MP: 1/1
   184 | D:1      | HP: 1/22 [hobgoblin (4)]
   189 | D:1      | Reached XP level 2. HP: 2/28 MP: 2/2
   497 | D:1      | Found Vagodduson's Jewellery Shop.
   511 | D:1      | You fall into a shaft and drop 1 floor!
  1045 | D:1      | Found a faded altar of an unknown god.
  1228 | D:1      | Reached skill level 1 in Dodging
  1246 | D:1      | Reached XP level 3. HP: 12/34 MP: 3/3
  2325 | D:2      | Noticed Sigmund
  2356 | D:2      | Killed Sigmund
  2357 | D:2      | Reached skill level 5 in Fighting
  2357 | D:2      | Reached XP level 4. HP: 42/42 MP: 4/4
  2357 | D:2      | Reached XP level 5. HP: 48/48 MP: 5/5
  2877 | D:3      | Noticed Grinder
  2913 | D:3      | Found Muipsibu's Antique Armour Shoppe.
  3080 | D:3      | Identified a scroll of acquirement
  3080 | D:3      | Acquired 827 gold pieces
  3190 | D:3      | Noticed Terence
  3196 | D:3      | Bought the +0 mask of the Dragon {Will+ Slay+3 SInv} for
                  | 835 gold pieces
  3196 | D:3      | Found the +0 mask of the Dragon {Will+ Slay+3 SInv}
  3458 | D:3      | Killed Grinder
  3459 | D:3      | Reached XP level 6. HP: 39/57 MP: 6/6
  3633 | D:3      | Killed Terence
  3634 | D:3      | Reached skill level 5 in Maces & Flails
  4082 | D:3      | Your scales start taking on a lurid green colour.
  4082 | D:3      | Reached XP level 7. HP: 49/62 MP: 7/7
  4082 | D:3      | Gained mutation: Your system is resistant to poisons.
                  | (rPois) [Green Draconian growth]
  4691 | D:4      | Noticed Natasha
  4701 | D:4      | Killed Natasha
  4909 | D:4      | Noticed Natasha
  4916 | D:4      | Killed Natasha
  5166 | D:4      | Noticed Natasha
  5170 | D:4      | Killed Natasha
  5387 | D:5      | Entered Level 5 of the Dungeon
  5587 | D:5      | Reached XP level 8. HP: 71/71 MP: 8/8
  5653 | D:5      | Found a staircase to the Ecumenical Temple.
  5663 | Temple   | Entered the Ecumenical Temple
  5863 | Temple   | Became a worshipper of Warmaster Okawaru
  5970 | D:5      | Found a sacrificial altar of Ru.
  6016 | D:5      | Reached skill level 1 in Invocations
  6132 | D:5      | Reached * piety under Okawaru
  6146 | D:5      | Identified the +6 trident of the Tomato {vorpal, Int+2
                  | Dex-4 Stlth+}
  6380 | D:5      | Identified the +12 spear of the Inferno {freeze, *Noise
                  | rPois rC++ Stlth+}
  6434 | D:6      | Found Bevayps's General Store.
  6477 | D:6      | Noticed Pikel
  6484 | D:6      | Killed Pikel
  6484 | D:6      | Reached ** piety under Okawaru
  6485 | D:6      | Reached skill level 5 in Dodging
  6485 | D:6      | Reached XP level 9. HP: 61/80 MP: 9/11
  6756 | D:6      | Reached *** piety under Okawaru
  7032 | D:6      | Found a glowing golden altar of the Shining One.
  7082 | D:6      | Found Mejememej's Armour Boutique.
  7086 | D:6      | Bought a +1 cloak of willpower for 231 gold pieces
  7744 | D:7      | Found a runed translucent door.
  7745 | D:7      | Noticed Crazy Yiuf
  7759 | D:7      | Killed Crazy Yiuf
  7867 | D:7      | Found a sparkling altar of Nemelex Xobeh.
  7867 | D:7      | Found a hazy altar of Hepliaklqana.
  8396 | D:8      | Found a broken altar of Ashenzari.
  8460 | D:8      | Noticed a lindwurm
  8460 | D:8      | Noticed a lindwurm
  8462 | D:8      | Noticed a lindwurm
  8463 | D:8      | Killed a lindwurm
  8463 | D:8      | Reached **** piety under Okawaru
  8464 | D:8      | Reached XP level 10. HP: 90/90 MP: 13/13
  8467 | D:8      | Killed a lindwurm
  8468 | D:8      | Reached skill level 5 in Invocations
  8476 | D:8      | Noticed a lindwurm
  8477 | D:8      | Killed a lindwurm
  8529 | D:8      | Killed a lindwurm
  8529 | D:8      | Reached ***** piety under Okawaru
  8530 | D:8      | Reached skill level 10 in Maces & Flails
  8582 | D:8      | Noticed Prince Ribbit
  8597 | D:8      | Killed Prince Ribbit
  8772 | D:8      | Noticed Maurice
  8782 | D:8      | Killed Maurice
  9126 | D:8      | Found the +2 Maxwell's thermic engine {flame, freeze}
  9144 | D:8      | Identified the +7 great sword of Plague {venom, rElec}
  9215 | D:9      | Identified the +10 dire flail "Ihaej" {pain, rPois Int+2}
                  | (Okawaru gifted it to you on level 9 of the Dungeon)
  9215 | D:9      | Received a gift from Okawaru
  9323 | D:8      | Reached skill level 1 in Long Blades
  9323 | D:8      | Reached skill level 5 in Shields
  9398 | D:9      | Noticed Erolcha
  9408 | D:9      | Killed Erolcha
  9409 | D:9      | Reached skill level 2 in Long Blades
  9409 | D:9      | Reached XP level 11. HP: 82/97 MP: 15/15
  9468 | D:9      | Found Nehas's Distillery.
  9601 | D:9      | Found a blossoming altar of Fedhas.
  9922 | D:10     | Entered Level 10 of the Dungeon
 10082 | D:10     | Found a staircase to the Orcish Mines.
 10100 | D:10     | Reached skill level 3 in Long Blades
 10135 | D:10     | Found a flagged portal.
 10145 | Bailey   | Entered a bailey
 10823 | Bailey   | Identified the +10 dire flail "Jabruap" {venom, Fly Will+}
                  | (Okawaru gifted it to you in a bailey)
 10823 | Bailey   | Received a gift from Okawaru
 10870 | Bailey   | Reached skill level 4 in Long Blades
 11128 | D:10     | Found a staircase to the Lair.
 11129 | D:10     | Noticed an oklob plant
 11339 | D:10     | Noticed Grum
 11350 | D:10     | Killed Grum
 11607 | D:10     | Noticed Urug
 11617 | D:10     | Killed Urug
 11618 | D:10     | Reached skill level 10 in Fighting
 11650 | D:10     | Noticed Nergalle
 11665 | D:10     | Killed Nergalle
 11842 | D:10     | Killed an oklob plant
 11843 | D:10     | Reached skill level 5 in Long Blades
 11854 | Lair:1   | Entered Level 1 of the Lair of Beasts
 11854 | Lair:1   | Found a runed translucent gate.
 11935 | Lair:1   | Found a runed translucent gate.
 11938 | Lair:1   | Found a runed translucent gate.
 12010 | Lair:1   | Received a gift from Okawaru
 12073 | Lair:1   | Reached skill level 6 in Long Blades
 12073 | Lair:1   | Reached XP level 12. HP: 106/107 MP: 17/17
 12184 | Lair:1   | Noticed Jamsdnucbuo's ghost (novice MiFi)
 12187 | Lair:1   | Noticed a minotaur
 13029 | Lair:2   | Reached ****** piety under Okawaru
 13071 | Lair:2   | Noticed a catoblepas
 13084 | Lair:2   | Killed a catoblepas
 13085 | Lair:2   | Reached skill level 7 in Long Blades
 13366 | Lair:2   | Identified the +2 cloak of Untruth {rC++} (Okawaru gifted
                  | it to you on level 2 of the Lair of Beasts)
 13366 | Lair:2   | Received a gift from Okawaru
 13393 | Lair:2   | Noticed a six-headed hydra
 13400 | Lair:2   | Killed a three-headed hydra
 13541 | Lair:2   | Noticed a seven-headed hydra
 13557 | Lair:2   | Killed a five-headed hydra
 13807 | Lair:3   | Noticed a catoblepas
 13950 | Lair:3   | Reached skill level 8 in Long Blades
 14154 | Lair:3   | Killed a catoblepas
 14328 | Lair:3   | Acquired 585 gold pieces
 14743 | Lair:4   | Found a hole to the Spider Nest.
 14922 | Lair:4   | Noticed an eight-headed hydra
 14936 | Lair:4   | Killed a five-headed hydra
 14937 | Lair:4   | Reached XP level 13. HP: 52/116 MP: 19/19
 14996 | Arena    | Entered the Arena
 15211 | Arena    | Entered the Arena
 15223 | Arena    | Entered the Arena
 15282 | Lair:4   | Received a gift from Okawaru
 15283 | Lair:4   | Reached skill level 9 in Long Blades
 15335 | Lair:4   | Acquired the +3 warlock's mirror {reflect}
 15335 | Lair:4   | Found the +3 warlock's mirror {reflect}
 15888 | Lair:4   | Found a staircase to the Swamp.
 15969 | Lair:5   | Noticed Sonja
 15974 | Lair:5   | Killed Sonja
 15984 | Lair:5   | You fall into a shaft and drop 1 floor!
 15984 | Lair:6   | Entered Level 6 of the Lair of Beasts
 15987 | Lair:6   | Found a staircase to the Slime Pits.
 16091 | Lair:5   | Reached skill level 11 in Long Blades
 16091 | Lair:5   | Gained mutation: Your tail ends in a poisonous barb. [Green
                  | Draconian growth]
 16091 | Lair:5   | Reached XP level 14. HP: 125/125 MP: 21/21
 16221 | Lair:5   | Noticed Rupert
 16358 | Lair:5   | Found a gate leading to a gauntlet.
 16367 | Gauntlet | Entered a Gauntlet
 16367 | Gauntlet | Found a large runed translucent door.
 16367 | Gauntlet | Found a large runed translucent door.
 16367 | Gauntlet | Found a large runed translucent door.
 16367 | Gauntlet | Found a large runed translucent door.
 16367 | Gauntlet | Found a large runed translucent door.
 16367 | Gauntlet | Found a large runed translucent door.
 16367 | Gauntlet | Found a large runed translucent door.
 16367 | Gauntlet | Found a large runed translucent door.
 16367 | Gauntlet | Found a runed translucent door.
 16367 | Gauntlet | Found a runed translucent gate.
 16367 | Gauntlet | Found a transporter.
 16367 | Gauntlet | Found a transporter.
 16367 | Gauntlet | Found a runed translucent gate.
 16367 | Gauntlet | Found a transporter.
 16410 | Gauntlet | Found a runed translucent door.
 16411 | Gauntlet | Found a large runed translucent door.
 16411 | Gauntlet | Found a large runed translucent door.
 16411 | Gauntlet | Found a large runed translucent door.
 16411 | Gauntlet | Found a large runed translucent door.
 16412 | Gauntlet | Found a large runed translucent door.
 16412 | Gauntlet | Found a large runed translucent door.
 16413 | Gauntlet | Found a large runed translucent door.
 16413 | Gauntlet | Found a large runed translucent door.
 16417 | Gauntlet | Found a transporter.
 16429 | Gauntlet | Found a transporter.
 16443 | Gauntlet | Found a transporter.
 16455 | Gauntlet | Found a transporter.
 16468 | Gauntlet | Found a transporter.
 16474 | Gauntlet | Found a transporter.
 16488 | Gauntlet | Found a transporter.
 16505 | Gauntlet | Found a transporter.
 16509 | Gauntlet | Found a transporter.
 16548 | Gauntlet | Found a runed translucent gate.
 16668 | Gauntlet | Identified the ring of Deyb {Str+6 Int-4 SInv Stlth+}
 16720 | Gauntlet | Received a gift from Okawaru
 16730 | Gauntlet | Identified the +3 broad axe of Teuthedo {venom, rF++ Will+
                  | Stlth+}
 16730 | Gauntlet | Identified the amulet of Raoklit {RegenMP SInv}
 16737 | Arena    | Entered the Arena
 16869 | Lair:5   | Reached skill level 12 in Long Blades
 16968 | Lair:5   | Killed Rupert
 16969 | Lair:5   | Reached skill level 10 in Invocations
 17240 | Lair:5   | Received a gift from Okawaru
 17736 | Orc:1    | Entered Level 1 of the Orcish Mines
 17743 | Orc:1    | Noticed Jorgrun
 17747 | Orc:1    | Reached XP level 15. HP: 101/132 MP: 22/22
 18018 | Orc:1    | Killed Jorgrun
 18174 | Orc:2    | Entered Level 2 of the Orcish Mines
 18174 | Orc:2    | Found a staircase to the Elven Halls.
 18322 | Orc:2    | Found Zuunkuama's General Store.
 18336 | Orc:2    | Reached skill level 10 in Shields
 18347 | Orc:2    | Reached skill level 10 in Dodging
 18719 | Orc:2    | Found Bejiodey's Jewellery Emporium.
 18795 | Orc:2    | Noticed an orc warlord
 18849 | Orc:2    | Killed an orc warlord
 18899 | Orc:2    | Reached skill level 13 in Long Blades
 18930 | Orc:2    | Found Hoam's Antique Weapon Shoppe.
 18994 | Orc:2    | Found Bimet's Antique Armour Shop.
 19462 | Spider:1 | Entered Level 1 of the Spider Nest
 19669 | Lair:6   | Received a gift from Okawaru
 20480 | Lair:6   | Found a runed translucent door.
 20813 | Swamp:1  | Entered Level 1 of the Swamp
 20873 | Swamp:1  | Received a gift from Okawaru
 20879 | Swamp:1  | Reached skill level 14 in Long Blades
 20879 | Swamp:1  | Reached XP level 16. HP: 129/143 MP: 24/24
 21692 | Arena    | Entered the Arena
 21915 | Swamp:2  | Received a gift from Okawaru
 22420 | Swamp:3  | Noticed Kirke
 22436 | Arena    | Entered the Arena
 22443 | Arena    | Killed Kirke
 22443 | Arena    | Identified the +2 cloak of Ymerru Kidgh {rC+} (Okawaru
                  | gifted it to you in the Arena)
 22443 | Arena    | Received a gift from Okawaru
 22560 | Swamp:3  | Noticed a thorn hunter
 22567 | Swamp:3  | Killed a thorn hunter
 23028 | Swamp:4  | Entered Level 4 of the Swamp
 23038 | Swamp:4  | Reached skill level 15 in Long Blades
 23125 | Arena    | Entered the Arena
 23342 | Arena    | Entered the Arena
 23389 | Swamp:4  | Noticed a tentacled monstrosity
 23395 | Arena    | Entered the Arena
 23536 | Swamp:4  | Killed a tentacled monstrosity
 23600 | Swamp:4  | Noticed a tentacled monstrosity
 23655 | Arena    | Entered the Arena
 23703 | Swamp:4  | Killed a tentacled monstrosity
 23704 | Swamp:4  | Reached XP level 17. HP: 83/152 MP: 21/26
 23817 | Swamp:4  | Received a gift from Okawaru
 24131 | Swamp:4  | Received a gift from Okawaru
 24317 | Swamp:4  | Got a decaying rune of Zot
 24835 | Spider:1 | Reached skill level 16 in Long Blades
 25176 | Spider:1 | Received a gift from Okawaru
 25216 | Spider:1 | Acquired a +2 pair of boots of flying
 25640 | Arena    | Entered the Arena
 25931 | Spider:2 | Got the Volume of Creative Flames
 26036 | Spider:2 | Reached skill level 1 in Slings
 26133 | Spider:2 | Reached skill level 1 in Evocations
 26149 | Spider:2 | Reached skill level 15 in Fighting
 26329 | Spider:2 | Reached XP level 18. HP: 163/163 MP: 27/27
 27057 | Arena    | Entered the Arena
 27308 | Spider:3 | Received a gift from Okawaru
 27365 | Spider:3 | Noticed Arachne
 27391 | Spider:3 | Killed Arachne
 27720 | Spider:3 | Noticed Aizul
 27726 | Arena    | Entered the Arena
 27746 | Arena    | Killed Aizul
 28547 | Spider:4 | Entered Level 4 of the Spider Nest
 28658 | Spider:4 | Reached skill level 5 in Slings
 29141 | Spider:4 | Received a gift from Okawaru
 29368 | Spider:4 | Identified the +7 fustibalus of the Valley {flame, rF+
                  | Int+4} (Okawaru gifted it to you on level 4 of the Spider
                  | Nest)
 29368 | Spider:4 | Received a gift from Okawaru
 30522 | Spider:4 | Reached XP level 19. HP: 168/172 MP: 1/28
 30642 | Spider:4 | Received a gift from Okawaru
 30730 | Spider:4 | Got a gossamer rune of Zot
 31584 | D:11     | You are sucked into a shaft and drop 3 floors!
 31587 | D:14     | Found Koducva's Jewellery Boutique.
 31608 | D:14     | Reached skill level 5 in Evocations
 31696 | D:14     | Found Ojosmagh's Antique Armour Shop.
 31716 | D:14     | Found Eddiosatz's Armour Emporium.
 31733 | D:14     | Bought a +2 pair of gloves for 280 gold pieces
 31754 | D:14     | Found Oruxeor's Book Emporium.
 31766 | D:14     | Noticed Nessos
 31794 | D:14     | Killed Nessos
 31879 | D:13     | Found a gate to the Vaults.
 32563 | D:11     | Identified the ring "Fits" {rPois rC+ Slay+2}
 32914 | D:12     | Found Plog's General Store.
 33721 | D:13     | Noticed Kailexub's ghost (journeyman MiFi)
 33744 | D:13     | Found a runed translucent gate.
 33744 | D:13     | Found a runed translucent gate.
 33744 | D:13     | Found a runed translucent gate.
 34222 | D:13     | Killed Kailexub's ghost
 34230 | D:13     | Received a gift from Okawaru
 34253 | D:13     | Got the ring "Hilyucei" {Fire Fly rCorr Slay-3 SInv}
 34406 | Lair:1   | Killed Jamsdnucbuo's ghost
 34509 | Elf:1    | Entered Level 1 of the Elven Halls
 34518 | Arena    | Entered the Arena
 34559 | Arena    | Entered the Arena
 34601 | Elf:1    | HP: 7/172 [deep elf archer/arrow (3)]
 34607 | Elf:1    | HP: 1/172 [deep elf archer/arrow (14)]
 34607 | Elf:1    | Shot with an arrow by a deep elf archer

Illustrated notes

Levels and vault maps discovered:
D:1:      wheals_arrival_shading, layout_basic,
          ebering_ecumenical_altar_abandoned, serial_shops, shop
D:2:      layout_loops_corners, uniq_sigmund
D:3:      layout_rooms, serial_shops, nicolae_square_shop, uniq_grinder,
          uniq_terence
D:4:      layout_loops_cross, minmay_misc_feat_four_crosses, uniq_natasha
D:5:      layout_loops_ring, nicolae_ru_the_path_less_chosen,
          minmay_temple_entry_statues_fountains
D:6:      layout_basic, tso_altar, serial_shops, shop, nicolae_shop_trees,
          uniq_pikel
D:7:      layout_basic, gammafunk_temple_overflow_wave, uniq_crazy_yiuf_cottage
D:8:      layout_basic, ashenzari_altar_1, minmay_lindwurm_lava,
          uniq_prince_ribbit1, uniq_maurice
D:9:      layout_rooms, mainiacjoe_overflow_alcove_2, serial_shops,
          nicolae_shop_waterfront, serial_bayou, serial_bayou_shore_a,
          serial_bayou_pond_e, serial_bayou_ford_a, serial_bayou_crossing,
          uniq_erolcha
D:10:     layout_roguey, dpeg_oklobed_lair, hiddenorc1_lemuel, enter_bailey_3,
          uniq_urug, uniq_nergalle, uniq_grum
D:11:     layout_stronghold, serial_bayou, serial_bayou_pond_e,
          serial_bayou_pond_c, serial_bayou_lagoon_a, serial_bayou_pond_d
D:12:     layout_loops_corners, serial_shops, shop
D:13:     layout_stronghold, erik_vaults_2, gammafunk_ghost_icy
D:14:     layout_roguey, nicolae_qazlal_style_of_elements, serial_shops, shop,
          nicolae_take_the_stairs, shop, nicolae_shop_trees, uniq_agnes,
          uniq_nessos
Temple:   eino_temple_rhombus
Lair:1:   layout_regular_city, maelrawn_ghost_gauntlet_escape,
          lemuel_fruit_fields, grunt_megastairs_5
Lair:2:   nzn_winding_woodlands_medium [nzn_winding_woodlands_5x5_three,
          nzn_winding_woodlands_5x15_lazy_stream,
          nzn_winding_woodlands_5x5_cross, nzn_winding_woodlands_5x5_perimeter,
          nzn_winding_woodlands_center_diamonds,
          nzn_winding_woodlands_5x5_checkerboard,
          nzn_winding_woodlands_5x5_closed_star,
          nzn_winding_woodlands_5x15_pool, nzn_winding_woodlands_5x5_open_star],
          layout_gridlike
Lair:3:   layout_cave_pods, grunt_megastairs_1
Lair:4:   layout_long_grid, palyth_hydra_swamp_entry,
          spider_nest_entry_web_field, beast_lair_carwin_5, grunt_megastairs_4
Lair:5:   layout_cave_pods, gauntlet_entry_generic,
          chequers_serial_rivers_micro_c, uniq_sonja, uniq_rupert
Lair:6:   guppyfry_lair_end_dragon, layout_misc_corridors, wormcave,
          dpeg_slime_entry_corner, kennysheep_basilisk_garden
Swamp:1:  layout_falls_marsh, hangedman_swamp_ruin_hall, swamp_pool5
Swamp:2:  layout_basic_swamp, hangedman_swamp_cone
Swamp:3:  layout_falls_marsh, evilmike_swamp_ruin_rubble_2, swamp_pool4,
          uniq_kirke
Swamp:4:  swamp_vile, layout_basic_swamp
Spider:1: layout_spider_delve
Spider:2: spider_temple_joshua, hangedman_spider_mandibles,
          nicolae_spider_moth_buddies
Spider:3: nicolae_spider_hilbert_zone_1 [nicolae_spider_hilbert_4_sides_1_open,
          nicolae_spider_hilbert_4_sides_1_open,
          nicolae_spider_hilbert_4_sides_1_open,
          nicolae_spider_hilbert_4_sides_1_open,
          nicolae_spider_hilbert_3_sides_1_open,
          nicolae_spider_hilbert_3_sides_1_open,
          nicolae_spider_hilbert_3_sides_1_open,
          nicolae_spider_hilbert_3_sides_1_open,
          nicolae_spider_hilbert_3_sides_1_open,
          nicolae_spider_hilbert_6_sides_1_open,
          nicolae_spider_hilbert_6_sides_1_open,
          nicolae_spider_hilbert_3_sides_1_open,
          nicolae_spider_hilbert_3_sides_1_open,
          nicolae_spider_hilbert_3_sides_1_open,
          nicolae_spider_hilbert_3_sides_1_open,
          nicolae_spider_hilbert_2_sides_1_open], uniq_arachne, uniq_aizul
Spider:4: grunt_spider_rune_parallel, nicolae_spider_swamp_cousins
Orc:1:    layout_caves, uniq_jorgrun
Orc:2:    grunt_orc_gardens, layout_caves, grunt_orc_garden, grunt_orc_garden,
          grunt_orc_garden, grunt_orc_garden, basic_altar
Elf:1:    layout_gridlike, portal_ice_cave_entry_pillars_four, minivault_28,
          minmay_shop_grove

Skill      XL: |  1  2  3  4  5  6  7  8  9 10 11 12 13 14 15 16 17 18 19 |
---------------+----------------------------------------------------------+-----
Maces & Flails | 2 3 4 5 6 8 9 10 | 10.5
Dodging        | 1 2 3 4 5 6 7 8 9 10 11 12 13 | 13.3
Fighting       | 5 6 7 8 9 10 11 12 13 14 15 | 15.9
Invocations    | 2 4 6 7 9 10 11 12 13 | 13.2
Shields        | 2 5 6 8 9 10 11 12 13 | 13.8
Long Blades    | 2 6 8 11 12 14 15 16 | 16.9
Slings         | 2 6 7 |  7.5
Evocations     | 1 4 5 |  5.6
Stealth        | |  2.6
Unarmed Combat | |  1.0

Action                   |  1- 3 |  4- 6 |  7- 9 | 10-12 | 13-15 | 16-18 | 19-21 || total
-------------------------+-------+-------+-------+-------+-------+-------+-------++-------
Melee: Club              |    84 |       |       |       |       |       |       ||    84
       Tailslap          |    10 |     5 |    39 |    80 |   123 |   231 |    24 ||   512
       Whip              |    86 |    84 |   169 |    35 |       |       |       ||   374
       Punch             |     1 |       |       |     1 |       |       |       ||     2
       Morningstar       |       |       |    56 |       |       |       |       ||    56
       Spear             |       |       |    16 |       |       |       |       ||    16
       Double sword      |       |       |       |   342 |   628 |  1290 |   142 ||  2402
 Fire: Fustibalus        |       |       |       |       |       |    26 |    75 ||   101
Throw: Dart              |     1 |    63 |     2 |     2 |       |       |       ||    68
Invok: Duel              |       |       |       |       |     4 |     9 |     2 ||    15
       Finesse           |       |       |       |       |     3 |     5 |       ||     8
       Heroism           |       |       |       |       |       |     1 |       ||     1
 Abil: Breathe Noxious F |       |       |    35 |    81 |    29 |     5 |     5 ||   155
Evoke: Wand              |       |       |       |     8 |     1 |     6 |       ||    15
  Use: Potion            |     2 |     1 |       |     2 |     3 |     7 |       ||    15
       Scroll            |       |     4 |    11 |     8 |     3 |     6 |     6 ||    38
 Stab: Sleeping          |     1 |       |     2 |     4 |     4 |     3 |     1 ||    15
       Confused          |       |       |    15 |    25 |     9 |       |     2 ||    51
       Held in net/web   |       |       |       |       |       |     1 |       ||     1
       Distracted        |       |       |       |       |       |     1 |       ||     1
Armor: Skin              |    50 |    23 |    49 |    65 |   148 |   389 |    25 ||   749
Dodge: Dodged            |    87 |    54 |   120 |   332 |   405 |   896 |    55 ||  1949
Block: Kite shield       |       |       |       |    24 |    36 |       |       ||    60
       Buckler           |       |       |       |       |   251 |   608 |    43 ||   902
       Reflection        |       |       |       |       |    11 |    22 |    11 ||    44
       Rpst.: Double sword |       |       |       |    81 |    96 |   167 |    16 ||   360

Table legend: (Time is in decaauts)
 A = Elapsed time spent in this place.
 B = Non-inter-level travel time spent in this place.
 C = Inter-level travel time spent in this place.
 D = Time resting spent in this place.
 E = Time spent auto-exploring this place.
 F = Levels seen in this place.
 G = Mean time per level.
                   A        B        C        D        E       F      G
               +--------+--------+--------+--------+--------+-----+--------+
         Total |  34539 |  32064 |   2475 |   4169 |  17710 |  49 |  704.9 |
       Dungeon |  14159 |  13331 |    828 |   1374 |   8592 |  14 | 1011.4 |
        Temple |    210 |    183 |     27 |      0 |    155 |   1 |  210.0 |
          Lair |   7441 |   6543 |    898 |    597 |   3962 |   6 | 1240.2 |
         Swamp |   3789 |   3566 |    223 |    436 |   1930 |   4 |  947.2 |
   Spider Nest |   5757 |   5325 |    432 |   1036 |   1995 |   4 | 1439.2 |
  Orcish Mines |   1265 |   1200 |     65 |     35 |    733 |   2 |  632.5 |
   Elven Halls |     28 |     28 |      0 |      1 |      0 |   1 |   28.0 |
        Bailey |    987 |    987 |      0 |    211 |    192 |   1 |  987.0 |
      Gauntlet |    369 |    369 |      0 |     49 |    150 |   1 |  369.0 |
         Arena |    529 |    529 |      0 |    429 |      0 |  15 |   35.3 |
               +--------+--------+--------+--------+--------+-----+--------+

Top non-repeatable levels by time:
Spider:4: 2153 daAuts
  Lair:4: 1953 daAuts
     D:1: 1812 daAuts
Spider:2: 1579 daAuts
    D:10: 1535 daAuts
     D:2: 1397 daAuts
 Swamp:4: 1384 daAuts
  Lair:6: 1228 daAuts
  Lair:2: 1172 daAuts
  Lair:5: 1119 daAuts
     D:3: 1104 daAuts
Spider:3: 1088 daAuts
     D:6: 1085 daAuts
     D:4: 1063 daAuts
  Lair:3: 992 daAuts
